 Dungeon Crawl Stone Soup version 0.19.5 (webtiles) character file.

1698 Gargoyl the Slasher (level 9, -3/74 HPs)
             Began as a Ghoul Abyssal Knight on May 17, 2017.
             Was a Priest of Lugonu.
             Slain by a hill giant
             ... wielding a +0 giant club
              (22 damage)
             ... on level 8 of the Dungeon.
             The game lasted 00:13:27 (6583 turns).

Gargoyl the Slasher (Ghoul Abyssal Knight)          Turns: 6583, Time: 00:13:27

Health: -3/74      AC: 14    Str: 16    XL:     9   Next: 3%
Magic:  11/11      EV:  7    Int:  7    God:    Lugonu [***...]
Gold:   387        SH:  6    Dex: 11    Spells: 0 memorised, 8 levels left

rFire  + . .     SeeInvis .     e - +6 double sword (venom)
rCold  + . .     Gourm    .     r - +0 chain mail
rNeg   + + +     Faith    .     q - +0 buckler
rPois  ∞         Spirit   .     m - +0 helmet
rElec  .         Reflect  +     E - +0 cloak
rCorr  .         Harm     .     (no gloves)
MR     +....                    d - +1 pair of boots {Fly}
Stlth  ..........               C - +3 amulet of reflection
                                x - ring of protection from magic
                                i - ring of protection from fire

@: flying, rotting
A: rotting body, claws 1, carnivore 3, cold resistance 1, negative energy
resistance 3, slow regeneration 1, torment resistance, unbreathing
a: Depart the Abyss, Bend Space, Banish, Renounce Religion, Stop Flying


You were on level 8 of the Dungeon.
You worshipped Lugonu.
Lugonu was most pleased with you.
You were not hungry.

You visited 1 branch of the dungeon, and saw 8 of its levels.
You visited the Abyss 1 time.
You also visited: Sewer.

You collected 387 gold pieces.

Inventory:

Hand Weapons
 a - a +1 hand axe
 e - a +6 double sword of venom (weapon)
 n - a +0 spear of venom
Missiles
 o - 2 javelins (quivered)
Armour
 d - a +1 pair of boots of flying (worn)
 m - a +0 helmet (worn)
 q - a +0 buckler (worn)
 r - a +0 chain mail (worn)
 E - a +0 cloak (worn)
Jewellery
 b - an uncursed ring of protection from magic
 i - a ring of protection from fire (left claw)
 x - a ring of protection from magic (right claw)
 y - an uncursed ring of see invisible
 C - a +3 amulet of reflection (around neck)
Wands
 B - a wand of paralysis (5/24)
Scrolls
 s - 2 scrolls of magic mapping
 t - 8 scrolls of teleportation
 D - 3 scrolls of remove curse
 F - 2 scrolls of fog
 G - a scroll of blinking
 H - 2 scrolls of identify
 I - a scroll of acquirement
 L - 3 scrolls of amnesia
Potions
 g - 8 potions of curing
 h - a potion of ambrosia {unknown}
 j - a potion of brilliance {unknown}
 l - 3 potions of lignification {unknown}
 p - a potion of magic {unknown}
 u - 2 potions of flight {unknown}
 v - a potion of heal wounds {unknown}
 z - a potion of resistance {unknown}
 A - a potion of degeneration {unknown}
 J - a potion of berserk rage {unknown}
 K - a potion of might {unknown}
Books
 f - a book of Misfortune

   Spells                             Type                      Level
   a - Confusing Touch                Hexes                        1
   b - Confuse                        Hexes                        3
   c - Gell's Gravitas                Hexes/Translocation          3
   d - Petrify                        Transmutation/Earth          4
   e - Metabolic Englaciation         Hexes/Ice                    5
   f - Yara's Violent Unravelling     Hexes/Transmutation          5
 M - a book of Conjurations

   Spells                             Type                      Level
   a - Magic Dart                     Conjuration                  1
   b - Searing Ray                    Conjuration                  2
   c - Dazzling Spray                 Conjuration/Hexes            3
   d - Fulminant Prism                Conjuration/Hexes            4
   e - Iskenderun's Mystic Blast      Conjuration                  4
   f - Iskenderun's Battlesphere      Conjuration/Charms           5
Comestibles
 c - 3 meat rations
 k - a chunk of flesh
 w - 2 beef jerkies


   Skills:
 + Level 5.4 Fighting
 + Level 6.0 Long Blades
 + Level 2.0 Axes
 * Level 5.7 Armour
 + Level 1.7 Dodging
 + Level 1.1 Shields
 * Level 5.2 Invocations


You had 8 spell levels left.
You didn't know any spells.

Dungeon Overview and Level Annotations

Branches:
Dungeon (8/15)             Temple (0/1) D:6
   Lair: D:8-11

Altars:
Ashenzari


Innate Abilities, Weirdness & Mutations

Your body is rotting away.
You thrive on raw meat.
You are immune to poison.
You have sharp fingernails.
You are carnivorous and can eat meat at any time.
Your flesh is cold resistant. (rC+)
You are immune to negative energy. (rN+++)
You regenerate slowly when monsters are visible.
You are immune to unholy pain and torment.
You can survive without breathing.


Message History

Press: ? - help, Shift-Dir - straight line, f/p - hill giant
Aim: a hill giant, wielding a giant club (lightly wounded)
You throw a javelin.
The javelin hits the hill giant but does no damage.
The hill giant is lightly wounded.
The hill giant hits you with a giant club!!
You slash the hill giant!
The hill giant looks as sick as possible!
The hill giant is moderately wounded.
The hill giant hits you with a giant club!!
* * * LOW HITPOINT WARNING * * *
You see here a scroll of random uselessness.
Press: ? - help, Shift-Dir - straight line, f/p - hill giant
Aim: a hill giant, wielding a giant club (heavily wounded, poisoned, chance to defeat MR: 70%)
You fail to use your ability.
Some of the chunks of flesh in your inventory have rotted away.
The hill giant looks more healthy.
It was a potion of curing.
You feel better.
The hill giant hits you with a giant club!!
You die...

### ##.########
#.........# #####
#...#####.# ##...#
###@#.### #.#
.((..#########.C.#...#
#.#
.......##......#####.#
#.#
.......?..####...#...#
#.# .......####
###.#.### #.#
........# #...# #.#
##...##.# ##### #.#
###(###.#
############.##
...(..#.#
#.............#######


You could see a hill giant.

Vanquished Creatures
  The ghost of maxonian the Digger, an amateur FoEE (D:4)
  An ice beast (D:6)
  An ogre (D:7)
  2 centaurs
  2 bullfrogs
  2 big kobolds
  A scorpion (D:4)
  5 wights (D:6)
  4 howler monkeys
  2 crimson imps
  2 hounds
  Crazy Yiuf (D:6)
  4 iguanas
  A worker ant (D:4)
  A hound zombie (D:7)
  A hound skeleton (D:5)
  A worker ant zombie (D:4)
  7 adders
  4 gnolls
  A shadow imp (D:6)
  An ooze (D:1)
  A dart slug (D:1)
  3 leopard geckos
  3 giant cockroaches
  9 goblins
  11 hobgoblins
  10 jackals
  2 quokkas
  4 ball pythons
  4 bats
  8 frilled lizards
  14 kobolds
  14 rats
128 creatures vanquished.

Notes
Turn   | Place    | Note
-------+----------+-------------------------------------------
     0 | Abyss:1  | Gargoyl the Ghoul Abyssal Knight began the quest for the Orb.
     0 | Abyss:1  | Reached XP level 1. HP: 19/19 MP: 1/1
    52 | Abyss:1  | Noticed a wretched star
    84 | Abyss:2  | Noticed a smoke demon
    86 | Abyss:2  | Identified 3 scrolls of acquirement
    88 | D:1      | Escaped the Abyss
    95 | D:1      | Got a pair of translucent boots
   109 | D:1      | Identified the +2 pair of boots of the Bulwark {Regen+ Dex-3 SInv} (You acquired it on level 1 of the Dungeon)
   365 | D:1      | Noticed a four-headed hydra
   365 | D:1      | Noticed a lindwurm
   365 | D:1      | Noticed a killer bee
   366 | D:1      | Noticed a wolf
   366 | D:1      | Noticed a water moccasin
   513 | D:1      | Reached XP level 2. HP: 21/26 MP: 2/2
   517 | D:1      | Reached * piety under Lugonu
   556 | D:1      | Reached skill level 1 in Dodging
   617 | D:1      | Reached XP level 3. HP: 31/31 MP: 3/3
   956 | D:1      | Reached skill level 1 in Long Blades
  2046 | D:2      | Reached XP level 4. HP: 38/40 MP: 4/4
  2112 | D:2      | Reached ** piety under Lugonu
  2393 | D:3      | Reached skill level 2 in Long Blades
  2624 | D:2      | Reached XP level 5. HP: 46/46 MP: 6/6
  2759 | D:3      | Found a glowing drain.
  2768 | Sewer    | Entered a sewer
  2859 | Sewer    | Noticed a big kobold
  2869 | Sewer    | Killed a big kobold
  2869 | Sewer    | Reached skill level 3 in Long Blades
  2926 | Sewer    | Found a white marble altar of Elyvilon.
  3175 | D:3      | Reached XP level 6. HP: 50/52 MP: 7/7
  3664 | D:4      | Noticed maxonian's ghost (amateur FoEE)
  3673 | D:4      | Killed maxonian's ghost
  3673 | D:4      | Reached XP level 7. HP: 51/59 MP: 8/8
  3841 | D:4      | Reached skill level 4 in Long Blades
  4516 | D:5      | Entered Level 5 of the Dungeon
  5249 | D:6      | Found a staircase to the Ecumenical Temple.
  5374 | D:6      | Found a runed door.
  5398 | D:6      | Noticed Crazy Yiuf
  5401 | D:6      | Killed Crazy Yiuf
  5499 | D:6      | Reached *** piety under Lugonu
  5499 | D:6      | Reached XP level 8. HP: 66/67 MP: 10/10
  5515 | D:6      | Reached skill level 5 in Fighting
  5633 | D:6      | Reached skill level 5 in Long Blades
  5676 | D:6      | Reached skill level 1 in Shields
  5871 | D:7      | Reached skill level 5 in Armour
  6310 | D:8      | Reached skill level 5 in Invocations
  6425 | D:8      | Found a shattered altar of Ashenzari.
  6445 | D:8      | Reached XP level 9. HP: 69/74 MP: 11/11
  6531 | D:8      | Reached skill level 6 in Long Blades
  6540 | D:8      | Noticed a hill giant
  6583 | D:8      | Slain by a hill giant

Skill      XL: |  1  2  3  4  5  6  7  8  9 |
---------------+----------------------------+-----
Armour         | 2 3 4 5 |  5.7
Axes           | 2 |  2.0
Dodging        | 1 |  1.7
Long Blades    | 1 2 3 4 5 6 |  6.0
Fighting       | 4 5 |  5.4
Invocations    | 3 4 5 |  5.2
Shields        | 1 |  1.1

Action                   |  1- 3 |  4- 6 |  7- 9 || total
-------------------------+-------+-------+-------++-------
Melee: Double sword      |    67 |   101 |   122 ||   290
Throw: Javelin           |       |       |     8 ||     8
Invok: Depart the Abyss  |     1 |       |       ||     1
  Use: Scroll            |    11 |     2 |     9 ||    22
       Potion            |       |       |     1 ||     1
  Eat: Chunk             |    12 |    11 |    24 ||    47
Armor: Leather armour    |    31 |       |       ||    31
       Chain mail        |     2 |    94 |    81 ||   177
Dodge: Dodged            |    52 |    48 |    46 ||   146
Block: Buckler           |       |     4 |    36 ||    40
       Reflection        |       |       |     1 ||     1
       Rpst.: Double sword |    13 |    12 |    12 ||    37
